 Dungeon Crawl Stone Soup version 0.30.1-4-g462c640d31 (webtiles) character file.

Game seed: 16088788515169550880

15 spardeous the Conjurer (level 2, 20/20 HPs)
             Began as a Demigod Conjurer on Aug 14, 2023.
             Got out of the dungeon alive.
             The game lasted 00:00:43 (930 turns).

spardeous the Conjurer (Demigod Conjurer)            Turns: 930, Time: 00:00:43

Health: 20/20      AC:  2    Str:  8    XL:     2   Next: 21%
Magic:  7/7        EV: 12    Int: 20    God:
Gold:   31         SH:  0    Dex: 12    Spells: 4/5 levels left

rFire   . . .        c - +0 trident (freeze)
rCold   . . .        (no shield)
rNeg    . . .        a - +0 robe
rPois   .            (no helmet)
rElec   .            (no cloak)
rCorr   .            (no gloves)
SInv    .            (no boots)
Will    .....        (no amulet)
Stlth   ++           (no ring)
HPRegen 0.23/turn    (no ring)
MPRegen 0.10/turn

%: no passive effects
@: no status effects
A: high MP 1, forlorn, divine attributes
a: no special abilities


You escaped.
You visited 1 branch of the dungeon, and saw 1 of its levels.

You collected 31 gold pieces.

Inventory:

Hand Weapons
 c - a +0 trident of freezing (weapon)
Armour
 a - a +0 robe (worn)
Jewellery
 h - a ring of poison resistance
Scrolls
 k - a scroll of fog
Potions
 b - a potion of magic


   Skills:
 - Level 1.7 Dodging
 - Level 1.7 Stealth
 + Level 2.2 Spellcasting
 + Level 3.9 Conjurations


You had 4 spell levels left.
You knew the following spells:

 Your Spells              Type           Power      Damage    Failure   Level
a - Magic Dart            Conj           72%        1d6       3%          1

Your spell library contained the following spells:

 Spells                   Type           Power      Damage    Failure   Level
 Searing Ray              Conj           36%        2d5       4%          2
 Dazzling Flash           Conj/Hex       20%        N/A       21%         3
 Fulminant Prism          Conj/Hex       5%         3d7       56%         4
 Iskenderun's Mystic Bla  Conj/Tloc      10%        2d4       56%         4


Dungeon Overview and Level Annotations

Branches:
Dungeon (1/15)


Innate Abilities, Weirdness & Mutations

You have an increased reservoir of magic. (+10% MP)
You shall have no god before yourself.
Your divine heritage dramatically boosts your attributes as you level up.


Message History

Confirm with . or Enter, or press ? or * to list all spells.
You can't see any susceptible monsters within range! (Use Z to cast anyway.) Done exploring.
Casting: Magic Dart (safe; 3% risk of failure)
Confirm with . or Enter, or press ? or * to list all spells.
You can't see any susceptible monsters within range! (Use Z to cast anyway.) Done exploring.
Casting: Magic Dart (safe; 3% risk of failure)
Confirm with . or Enter, or press ? or * to list all spells.
You can't see any susceptible monsters within range! (Use Z to cast anyway.)
As you read the scroll labelled JIESUULURO, it crumbles to dust.
You hear a loud clanging noise!
It was a scroll of noise.
The air fills with toxic fumes!
As you read the scroll labelled REEHUDE PIOGIT, it crumbles to dust.
It was a scroll of poison.
As you read the scroll labelled SUNEDUOLAE, it crumbles to dust.
It is a scroll of identify.
f - a scroll of teleportation
As you read the scroll labelled NOMOANE CEOQ, it crumbles to dust.
It is a scroll of brand weapon.
Your +0 trident is covered with a thin layer of ice!
c - a +0 trident of freezing (weapon)
As you read the scroll of teleportation, it crumbles to dust.
You feel strangely unstable.
As you read the scroll labelled ZUANEON BORU, it crumbles to dust.
The air around you briefly surges with heat, but it dissipates.
It was a scroll of immolation.
Unknown command.
As you read the scroll labelled SIAHIWIMEN, it crumbles to dust.
The scroll dissolves into smoke.
It was a scroll of fog.
Your surroundings suddenly seem different.
(D) Dungeon
Where to? (? - help)
Okay, then.
You open the door.
There is an open door here.
There is a staircase leading out of the dungeon here.
Are you sure you want to leave the Dungeon?
This will make you lose the game!
You have escaped!

#.###....#......#
#.........##.# ..#
#....#......#
##.####.......#
#####.......#.#####..#
#.....###
#.....#######.# #.'.##
#.###.# #
'.....###.....# #.###
#...#.# #
#.....#......## #.#
###.#.###
#.###.'......# #.#
#.#.... #.# ###......#
##.#########.##### #.#
#......#
#@.'......##.# #.#
#......#
##.#.#######.# #.#
#......# #.#.# #.....#
#.# #......#
#.#.###.##### #.#
######## #.#.....# ..#
#.+.##### ### #####


There were no monsters in sight!

Vanquished Creatures
  A dart slug (D:1)
  A bat (D:1)
  An endoplasm (D:1)
  2 goblins (D:1)
  2 ball pythons (D:1)
  3 frilled lizards (D:1)
  2 kobolds (D:1)
  2 rats (D:1)
14 creatures vanquished.

Notes
Turn   | Place    | Note
-------+----------+-------------------------------------------
     0 | D:1      | spardeous the Demigod Conjurer began the quest for the Orb.
     0 | D:1      | Reached XP level 1. HP: 14/14 MP: 5/5
   433 | D:1      | Reached XP level 2. HP: 20/20 MP: 3/7
   930 | D:$      | Got out of the dungeon alive.

Illustrated notes

Levels and vault maps discovered:
D:1:      minmay_arrival_three_doors, layout_basic

Skill      XL: |  1 |
---------------+----+-----
Spellcasting   | 2 |  2.2
Dodging        | |  1.7
Stealth        | |  1.7
Conjurations   | |  3.9

Action                     || total
---------------------------++-------
   Cast: Magic Dart        ||    23
    Use: Scroll            ||     7
